 Dungeon Crawl Stone Soup version 0.28-a0-802-g09f76e8c00 (webtiles) character file.

Game seed: 17045791283458308332

2855 siradein the Skirmisher (level 9, 0/72 HPs)
             Began as a Demonspawn Fighter on Nov 7, 2021.
             Killed by divine providence
             ... invoked by an orc priest
              (11 damage)
             ... on level 7 of the Dungeon.
             The game lasted 00:18:21 (10796 turns).

siradein the Skirmisher (Demonspawn Fighter)       Turns: 10796, Time: 00:18:21

Health: 0/72       AC:  9    Str: 25    XL:     9   Next: 46%
Magic:  9/9        EV:  9    Int: 10    God:
Gold:   387        SH: 10    Dex: 13    Spells: 8/8 levels left

rFire   . . .      SeeInvis .   a - +0 trident
rCold   . . .      Faith    .   D - +0 kite shield
rNeg    . . .      Spirit   .   p - +2 ring mail {rPois}
rPois   +          Reflect  .   e - +0 hat
rElec   .          Harm     .   r - scarf {repulsion}
rCorr   .          Rampage  .   x - +0 pair of gloves
Will    .....                   (no boots)
Stlth   +.........              (no amulet)
HPRegen 0.22/turn               v - +6 ring of strength
MPRegen 0.11/turn               (no ring)

@: repel missiles
A: antennae 2, powered by death 1, sturdy frame 2
a: no special abilities


You were on level 7 of the Dungeon.
You visited 2 branches of the dungeon, and saw 8 of its levels.

You collected 387 gold pieces.

Inventory:

Hand Weapons
 a - a +0 trident (weapon)
Missiles
 m - 40 poisoned darts (quivered)
 F - 2 atropa-tipped darts
Armour
 e - a +0 hat (worn)
 p - a +2 ring mail of poison resistance (worn)
 r - a scarf of repulsion (worn)
 x - a +0 pair of gloves (worn)
 D - a +0 kite shield (worn)
Jewellery
 v - a +6 ring of strength (left hand)
Wands
 c - a wand of acid (9)
 A - a wand of iceblast (11)
 G - a wand of flame (14)
Scrolls
 b - 2 scrolls of enchant weapon {unknown}
 g - 3 scrolls of fog {unknown}
 h - 6 scrolls of identify {unknown}
 j - 6 scrolls of teleportation {unknown}
 k - 4 scrolls of immolation
 l - a scroll of torment {unknown}
 q - 2 scrolls of enchant armour {unknown}
 w - a scroll of fear {unknown}
 y - a scroll of summoning {unknown}
 z - a scroll of vulnerability {unknown}
 C - 2 scrolls of noise {unknown}
 E - a scroll of amnesia {unknown}
Potions
 d - 2 potions of might
 f - 3 potions of heal wounds {unknown}
 i - a potion of haste {unknown}
 n - a potion of cancellation {unknown}
 o - 3 potions of degeneration {unknown}
 s - 3 potions of lignification {unknown}
 t - a potion of magic {unknown}
 u - 3 potions of brilliance {unknown}
 B - 2 potions of mutation {unknown}


   Skills:
 + Level 7.2 Fighting
 + Level 6.3 Polearms
 + Level 6.5 Armour
 + Level 6.6 Shields


You had 8 spell levels left.
You didn't know any spells.
Your spell library contained the following spells:

 Spells                   Type           Power      Damage    Failure   Level
 Static Discharge         Conj/Air       0%         N/A       88%         2
 Dispel Undead            Necr           0%         3d6       100%        4
 Petrify                  Tmut/Erth      0%         N/A       100%        4
 Sticky Flame             Conj/Fire      0%         2d3       100%        4
 Metabolic Englaciation   Hex/Ice        0%         N/A       100%        5
 Statue Form              Tmut/Erth      0%         N/A       100%        6


Dungeon Overview and Level Annotations

Branches:
Dungeon (7/15)             Temple (1/1) D:5

Altars:
Ashenzari
Cheibriados
Dithmenos
Elyvilon
Gozag
Hepliaklqana
Kikubaaqudgha
Makhleb
Nemelex Xobeh
Ru
Trog
Vehumet
Xom
Yredelemnul
Zin
The Shining One

Annotations:
D:3 1 runed translucent door, Crazy Yiuf


Innate Abilities, Weirdness & Mutations

You have a pair of antennae on your head.
You regenerate a little health from kills.
Your movements are less encumbered by armour. (ER -4)


Message History

Aim: an orc warrior, wielding a +0 scimitar and wearing a +0 plate armour (lightly wounded, 60% to hit)
You throw a poisoned dart.
The poisoned dart barely misses the orc warrior.
Throw: 44 darts (poison)
Press: ? - help, Q - select action, (/) - cycle Shift-Dir - straight line, f/p - orc warrior
Aim: an orc warrior, wielding a +0 scimitar and wearing a +0 plate armour (lightly wounded, 60% to hit)
You throw a poisoned dart. The poisoned dart hits the orc warrior.
The orc warrior is lightly wounded.
The orc warrior hits you with a +0 scimitar.
Throw: 43 darts (poison)
Press: ? - help, Q - select action, (/) - cycle Shift-Dir - straight line, f/p - orc warrior
Aim: an orc warrior, wielding a +0 scimitar and wearing a +0 plate armour (lightly wounded, 60% to hit)
You throw a poisoned dart. The poisoned dart hits the orc warrior.
The orc warrior is poisoned.
The orc warrior is lightly wounded.
The orc warrior hits you but does no damage.
Throw: 42 darts (poison)
Press: ? - help, Q - select action, (/) - cycle Shift-Dir - straight line, f/p - orc warrior
Aim: an orc warrior, wielding a +0 scimitar and wearing a +0 plate armour (lightly wounded, poisoned, 60% to hit)
You throw a poisoned dart. The poisoned dart hits the orc warrior.
The orc warrior looks even sicker.
The orc warrior is lightly wounded.
The orc warrior hits you but does no damage.
Throw: 41 darts (poison)
Press: ? - help, Q - select action, (/) - cycle Shift-Dir - straight line, f/p - orc warrior
Aim: an orc warrior, wielding a +0 scimitar and wearing a +0 plate armour (lightly wounded, very poisoned, 60% to hit)
You throw a poisoned dart. The poisoned dart hits the orc warrior.
The orc warrior looks even sicker.
The orc warrior is lightly wounded.
The orc warrior barely misses you.
The orc priest mumbles some strange prayers to Beogh against you.
Beogh smites you!
* * * LOW HITPOINT WARNING * * *
The orc priest invokes the aid of Beogh against you.
Beogh smites you!
* * * LOW HITPOINT WARNING * * *
Items here: ( ))).
The orc priest invokes the aid of Beogh against you.
Beogh smites you!
You die...

# ######### #
#.......##### #####
#.###.......#
....#####.###.#.###.#
....>............##.#
#.#..##.#.###.#..##.####
.....##.#.###.#..##....#
..#.###.#..............###
..#.###.########@#.......#
........###### #.o.......#
.##.####.....# ###.......#
.....###.....# ###o[.###
.............# #...#
##..####.....# ###{###
......##.....# #..(..#
##.##.######## #.#o#.#
##.##)# #...#.#


You could see an orc warrior (poisoned) and an orc priest.

Vanquished Creatures
  2 centaur zombies
  Eustachio (D:5)
  Sigmund (D:5)
  Edmund (D:4)
  2 sky beasts
  2 ogres
  A centaur (D:6)
  3 phantoms
  A bullfrog (D:7)
  A gnoll sergeant (D:5)
  2 kobold brigands
  2 wyvern zombies
  2 scorpions (D:5)
  5 wights (D:7)
  A howler monkey (D:3)
  A crimson imp (D:5)
  2 bullfrog zombies (D:6)
  A bullfrog skeleton (D:4)
  3 hounds
  An orc priest (D:6)
  2 centaur skeletons
  An iguana (D:5)
  4 orc wizards
  Ijyb (D:5)
  Terence (D:2)
  A killer bee zombie (D:6)
  7 gnolls
  4 adders
  A white imp (D:6)
  An ufetubus (D:5)
  An adder skeleton (D:5)
  4 worms
  20 orcs
  6 endoplasms
  6 giant cockroaches
  6 goblins
  6 hobgoblins
  3 jackals (D:4)
  11 kobolds
  3 quokkas
  A ball python (D:1)
  2 bats (D:3)
  A frilled lizard (D:3)
  A goblin zombie (D:5)
  6 hobgoblin zombies (D:5)
  2 kobold skeletons (D:5)
  An orc skeleton (D:5)
  6 rats
144 creatures vanquished.

Notes
Turn   | Place    | Note
-------+----------+-------------------------------------------
     0 | D:1      | siradein the Demonspawn Fighter began the quest for the
                  | Orb.
     0 | D:1      | Reached XP level 1. HP: 18/18 MP: 1/1
   158 | D:1      | Gained mutation: You have a pair of small antennae on your
                  | head. [demonic ancestry]
   158 | D:1      | Reached XP level 2. HP: 24/24 MP: 2/2
   519 | D:2      | Found a faded altar of an unknown god.
   553 | D:2      | Reached XP level 3. HP: 29/29 MP: 3/3
   695 | D:2      | Found a snail-covered altar of Cheibriados.
   747 | D:2      | Reached XP level 4. HP: 33/35 MP: 4/4
   778 | D:2      | Noticed Terence
   855 | D:2      | Killed Terence
  2055 | D:3      | Gained mutation: You have a pair of antennae on your head.
                  | [demonic ancestry]
  2055 | D:3      | Reached XP level 5. HP: 35/42 MP: 5/5
  2733 | D:3      | Found an ancient bone altar of Kikubaaqudgha.
  2880 | D:3      | Found a runed translucent door.
  2881 | D:3      | Noticed Crazy Yiuf
  3108 | D:3      | Reached skill level 4 in Fighting
  3408 | D:4      | Noticed a phantom
  3444 | D:3      | Killed a phantom
  3634 | D:4      | Noticed a phantom
  3668 | D:3      | Gained mutation: You regenerate a little health from kills.
                  | [demonic ancestry]
  3668 | D:3      | Reached XP level 6. HP: 48/48 MP: 6/6
  4285 | D:4      | Noticed Edmund
  4336 | D:4      | Killed Edmund
  4337 | D:4      | Reached XP level 7. HP: 32/55 MP: 7/7
  4933 | D:5      | Entered Level 5 of the Dungeon
  4950 | D:5      | Found a sacrificial altar of Ru.
  4957 | D:5      | Noticed Sigmund
  5010 | D:5      | Killed Sigmund
  5011 | D:5      | Reached skill level 5 in Fighting
  5404 | D:5      | Reached skill level 5 in Shields
  5484 | D:5      | Reached skill level 5 in Armour
  5484 | D:5      | Gained mutation: Your movements are slightly less
                  | encumbered by armour. (ER -2) [demonic ancestry]
  5484 | D:5      | Reached XP level 8. HP: 48/63 MP: 8/8
  5864 | D:5      | Reached skill level 6 in Fighting
  5864 | D:5      | Reached skill level 5 in Polearms
  6083 | D:5      | Found a staircase to the Ecumenical Temple.
  6084 | D:5      | Noticed Eustachio
  6585 | D:5      | Killed Eustachio
  6891 | D:5      | Noticed Ijyb
  6919 | D:5      | Killed Ijyb
  7145 | Temple   | Entered the Ecumenical Temple
  8397 | D:5      | Gained mutation: Your movements are less encumbered by
                  | armour. (ER -4) [demonic ancestry]
  8397 | D:5      | Reached XP level 9. HP: 71/71 MP: 9/9
  9372 | D:6      | Found an opulent altar of Gozag.
  9407 | D:6      | Found a radiant altar of Vehumet.
  9638 | D:6      | Found a broken altar of Ashenzari.
 10029 | D:7      | Reached skill level 7 in Fighting
 10796 | D:7      | Killed from afar by an orc priest

Illustrated notes

Levels and vault maps discovered:
D:1:      dpeg_arrival_morbid_curiosity, layout_rooms
D:2:      layout_rooms, hellmonk_ecumenical_altar_blasted, basic_altar,
          hangedman_decor_lopped, uniq_terence
D:3:      layout_rooms, mainiacjoe_overflow_small_starburst,
          chequers_serial_rivers_small_3, hangedman_decor_opposing,
          due_unseen_surprise, uniq_crazy_yiuf_cottage
D:4:      layout_loops_ring, uniq_edmund
D:5:      layout_loops_ring, nicolae_ru_the_path_less_chosen,
          nicolae_tso_besieged_by_evil, minmay_temple_entry_crystal_x,
          uniq_ijyb, uniq_sigmund, uniq_eustachio
D:6:      layout_cave_pods, kennysheep_little_box,
          mainiacjoe_overflow_surrounded_room, lemuel_crystal_altar
D:7:      layout_loops_cross
Temple:   compressed_dpeg_triangle_lava_temple

Skill      XL: |  1  2  3  4  5  6  7  8  9 |
---------------+----------------------------+-----
Polearms       | 2 3 4 5 6 |  6.3
Armour         | 3 4 5 6 |  6.5
Shields        | 3 4 5 6 |  6.6
Fighting       | 4 5 6 7 |  7.2

Action                   |  1- 3 |  4- 6 |  7- 9 || total
-------------------------+-------+-------+-------++-------
Melee: Trident           |    57 |   204 |   509 ||   770
Throw: Dart              |       |    34 |    52 ||    86
 Stab: Sleeping          |       |     1 |     1 ||     2
Armor: Scale mail        |    20 |    30 |       ||    50
       Leather armour    |       |    38 |     4 ||    42
       Ring mail         |       |       |   180 ||   180
Dodge: Dodged            |    19 |    89 |   238 ||   346
       Repelled          |       |       |     2 ||     2
Block: Buckler           |    11 |    48 |    76 ||   135
       Kite shield       |       |       |    92 ||    92

Table legend: (Time is in decaauts)
 A = Elapsed time spent in this place.
 B = Non-inter-level travel time spent in this place.
 C = Inter-level travel time spent in this place.
 D = Time resting spent in this place.
 E = Time spent auto-exploring this place.
 F = Levels seen in this place.
 G = Mean time per level.
                   A        B        C        D        E       F      G
               +--------+--------+--------+--------+--------+-----+--------+
         Total |  10917 |  10579 |    338 |   1610 |   6383 |   8 | 1364.6 |
       Dungeon |  10583 |  10245 |    338 |   1610 |   6141 |   7 | 1511.9 |
        Temple |    333 |    333 |      0 |      0 |    242 |   1 |  333.0 |
               +--------+--------+--------+--------+--------+-----+--------+

Top non-repeatable levels by time:
     D:5: 2808 daAuts
     D:4: 1737 daAuts
     D:2: 1669 daAuts
     D:3: 1555 daAuts
     D:6: 1434 daAuts
     D:7: 945 daAuts
     D:1: 432 daAuts
  Temple: 333 daAuts
